 Dungeon Crawl Stone Soup version 0.29-a0-834-g1e95ca9f62 (webtiles) character file.

Game seed: 2380540831332212904

2385 zeratav the Tainter (level 9, -6/61 HPs)
             Began as an Octopode Venom Mage on July 12, 2022.
             Was an Initiate of Gozag.
             Mangled by a shadow (38 damage)
             ... on level 7 of the Dungeon.
             The game lasted 00:17:32 (8092 turns).

zeratav the Tainter (Octopode Venom Mage)           Turns: 8092, Time: 00:17:32

Health: -6/61      AC:  5    Str: 12    XL:     9   Next: 45%
Magic:  12/12      EV: 16    Int: 21    God:    Gozag
Gold:   327        SH:  0    Dex: 19    Spells: 7/12 levels left

rFire   . . .      SeeInvis .   n - +1 dagger {short}
rCold   x . .      Faith    .   (no shield)
rNeg    + . .      Spirit   .   (helmet restricted)
rPois   +          Reflect  .   v - amulet "Faipsu" {RegenMP -Tele Harm Dex+7}
rElec   .          Harm     +   o - +4 ring of protection
rCorr   .          Rampage  .   r - ring of wizardry
Will    +....      NoTele   +   j - ring "Ejuese Wust" {rPois rC- rN+ Will+ Str+4}
Stlth   ++++......              (no ring)
HPRegen 0.20/turn               (no ring)
MPRegen 0.53/turn               (no ring)
                                (no ring)
                                (no ring)

@: no status effects
A: almost no armour, amphibious, 8 rings, camouflage 1, gelatinous body 1,
(nimble swimmer 1), tentacles
a: Renounce Religion, Potion Petition, Call Merchant, Bribe Branch


You were on level 7 of the Dungeon.
You worshipped Gozag.
Gozag was aware of your devotion.
You visited 2 branches of the dungeon, and saw 8 of its levels.
You also visited: Ossuary.

You collected 488 gold pieces.
You paid 161 gold pieces to Gozag.


Innate Abilities, Weirdness & Mutations

You cannot wear most types of armour.
You are amphibious.
You can wear up to eight rings at the same time.
Your skin changes colour to match your surroundings (Stealth+).
Your rubbery body absorbs attacks. (AC +1, EV +1)
((You are camouflaged when in or above water. (Stealth+)))
You have tentacles for arms and can constrict up to eight enemies at once.


   Skills:
 - Level 5.0 Fighting
 - Level 5.0 Dodging
 - Level 5.0 Stealth
 - Level 2.0 Spellcasting
 + Level 4.8 Conjurations
 + Level 4.7 Hexes
 - Level 1.0 Transmutations
 - Level 9.0 Poison Magic


You had 7 spell levels left.
You knew the following spells:

 Your Spells              Type           Power      Damage    Failure   Level
a - Sting                 Tmut/Pois      92%        1d7       1%          1
b - Olgreb's Toxic Radia  Pois           39%        N/A       1%          4

Your spell library contained the following spells:

 Spells                   Type           Power      Damage    Failure   Level
 Poisonous Vapours        Pois/Air       42%        N/A       1%          2
 Foxfire                  Conj/Fire      48%        2x1d6     2%          1
 Mephitic Cloud           Conj/Pois/Air  21%        N/A       2%          3
 Summon Small Mammal      Summ           8%         N/A       6%          1
 Conjure Flame            Conj/Fire      12%        6-21      7%          3
 Inner Flame              Hex/Fire       12%        N/A       7%          3
 Summon Guardian Golem    Hex/Summ       12%        N/A       7%          3
 Sublimation of Blood     Necr           2%         N/A       9%          2
 Fulminant Prism          Conj/Hex       11%        3d9       9%          4
 Call Canine Familiar     Summ           2%         N/A       17%         3
 Flame Wave               Conj/Fire      12%        2d6       22%         4
 Iskenderun's Mystic Bla  Conj/Tloc      12%        2d5       22%         4
 Petrify                  Tmut/Erth      4%         N/A       41%         4
 Irradiate                Conj/Tmut      7%         3d14      43%         5
 Blade Hands              Tmut           3%         N/A       69%         5
 Lee's Rapid Deconstruct  Erth           1%         3d5*      82%         5
 Dragon Form              Tmut           3%         N/A       100%        7
 Haunt                    Necr/Summ      1%         N/A       100%        7
 Infestation              Necr           1%         N/A       100%        8
 Animate Dead             Necr           Unusable   N/A       N/A         4

Inventory:

Hand Weapons
 m - a +0 sling
   (You found it on level 1 of the Dungeon)
 n - a +1 dagger (weapon) {short}
   (You took it off a goblin on level 2 of the Dungeon)
 C - a +4 spear {polearm}
   (You took it off a gnoll sergeant on level 7 of the Dungeon)
Armour
 w - an orb of light
   (You found it on level 3 of the Dungeon)
Jewellery
 j - the ring "Ejuese Wust" (on tentacle) {rPois rC- rN+ Will+ Str+4}
   (You acquired it on level 5 of the Dungeon)

   [ring of poison resistance]

   Str:       It affects your strength (+4).
   rC:        It makes you vulnerable to cold.
   rPois:     It protects you from poison.
   rN:        It protects you from negative energy.
   Will:      It increases your willpower.
 o - a +4 ring of protection (left tentacle)
   (You found it on level 2 of the Dungeon)
 r - a ring of wizardry (right tentacle)
   (You found it on level 2 of the Dungeon)
 v - the amulet "Faipsu" (around mantle) {RegenMP -Tele Harm Dex+7}
   (You found it on level 3 of the Dungeon)

   [amulet of magic regeneration]

   It increases your rate of magic regeneration.
   Dex:       It affects your dexterity (+7).
   -Tele:     It prevents most forms of teleportation.
   Harm:      It increases damage dealt and taken.
Scrolls
 b - 3 scrolls of magic mapping {!r}
 d - 4 scrolls of identify {@r1}
 e - 5 scrolls of enchant armour
 h - 2 scrolls of amnesia
 i - a scroll of poison {!r}
 p - 4 scrolls of immolation {!r!r}
 q - 2 scrolls of brand weapon
 s - 3 scrolls of teleportation {@r4}
 x - a scroll of fear
 y - 3 scrolls of enchant weapon
 B - a scroll of noise {unknown}
Potions
 a - a potion of magic
 c - a potion of cancellation
 f - 3 potions of might
 g - 5 potions of curing {@q1}
 k - a potion of attraction {!q}
 l - a potion of brilliance {unknown}
 t - a potion of invisibility {unknown}
 u - 4 potions of haste {unknown}
 z - 2 potions of mutation {unknown}
 A - 3 potions of flight {unknown}

Dungeon Overview and Level Annotations

Branches:
Dungeon (7/15) Zot: 26091  Temple (1/1) D:7 Zot: 5987 Ossuary (visited)

Altars:
Elyvilon
Fedhas
Gozag
Hepliaklqana
Kikubaaqudgha
Makhleb
Nemelex Xobeh
Ru
Sif Muna
Trog
Uskayaw
Yredelemnul

Annotations:
D:5 exclusion: ice beast
D:6 exclusion: necrophage
D:7 exclusion: ice beast

[####.#.#..# #....
.(..>(#....#########
#..#.
.#######...........#
#..#. .#
#..#######.[## #....
##
#..#######...###.#.
..Y.
#..##..............
...#.
#..##.#####.####...
#..........?.......
#.###....@....##.#.
#. #...{.........
#.........##.#
...[........# #
####..........
#........... $
#...........
#...........


There were no monsters in sight!


Message History

You kill the bullfrog!
No target in view!
No target in view!
No target in view!
No target in view!
B - a scroll labelled UCLIEM WEORR You see here a bullfrog corpse.
D - an amulet of the acrobat Autopickup disabled for amulets of the acrobat.
You drop an amulet of the acrobat.
q - 2 scrolls of brand weapon (gained 1)
y - 3 scrolls of enchant weapon (gained 1)
You open the door.
Found a sparkling altar of Nemelex Xobeh.
g - 5 potions of curing {@q1} (gained 1)
p - 4 scrolls of immolation {!r!r} (gained 1)
A sourceless malevolence fills the Dungeon...
With a horrendous wail, an alarm goes off!
A sentinel's mark forms upon you.
You hear a shout! x2; You hear an angry hiss.
You hear an angry growl.
You hear a howl!
(D) Dungeon
Where to? (Enter - D:7 @ (x,y), ? - help)
An ufetubus comes into view.
Casting: Olgreb's Toxic Radiance (dangerous; 1% risk of failure)
Confirm with . or Enter, or press ? or * to list all spells.
You begin to radiate toxic energy.
The ufetubus is poisoned.
The ufetubus looks even sicker.
MP[-4]
You lost 4 mp, and now have 8/12 mp.
The ufetubus looks even sicker.
Your toxic aura wanes.
MP[+1] MP[+1]
You kill the ufetubus!
MP[+1] MP[+1]
Your mp is fully restored (12).
(D) Dungeon
Where to? (Enter - D:6, ? - help)
The sentinel's mark upon you fades away.
There is a stone staircase leading up here.
You climb upwards.
Level annotation: exclusion: necrophage
There is a stone staircase leading down here.
You start waiting.
Done waiting.
You climb downwards.
Level annotation: exclusion: ice beast
There is a stone staircase leading up here.
You open the door.
Found a staircase to the Ecumenical Temple.
There is an open door here.
There is a staircase to the Ecumenical Temple here.
You climb downwards.
Welcome to the Ecumenical Temple!
Found eight altars.
There is a staircase back to the Dungeon here.
There is an opulent altar of Gozag here.
You curl up in front of the altar of Gozag.
Gozag welcomes you!
You pay a service fee of 161 gold.
(D) Dungeon (T) Temple
Where to? (Enter - D:6, ? - help)
There is a staircase back to the Dungeon here.
You climb upwards.
Welcome back to the Dungeon!
Level annotation: exclusion: ice beast
There is a staircase to the Ecumenical Temple here.
There is an open door here.
You see here a bullfrog skeleton.
There is an open door here.
You see here a +1 flail of holy wrath {mace}.
A shadow comes into view.
The shadow moves out of view.
The shadow slips into darkness.
The shadow flickers and vanishes!
Deactivating autopickup; reactivate with Ctrl-A.
You hit something.
The shadow strikes at you from the darkness!
Reactivating autopickup.
HP[-20]
You take 20 damage, and now have 41/61 hp.
MASSIVE DAMAGE!! (PAUSE)
You hit the shadow but do no damage. The shadow completely misses you.
You hit the shadow. You squeeze the shadow. The shadow hits you!
HP[-10]
You take 10 damage, and now have 31/61 hp.
You hit the shadow. You squeeze the shadow. The shadow closely misses you.
You hit the shadow but do no damage. The shadow hits you.
HP[+1]
You hit the shadow but do no damage. The shadow hits you.
You hit the shadow but do no damage. The shadow misses you.
You barely miss the shadow. You squeeze the shadow.
The shadow slips into darkness.
The shadow flickers and vanishes!
Deactivating autopickup; reactivate with Ctrl-A.
You barely miss something. You squeeze something.
The shadow strikes at you from the darkness!
Ouch! That really hurt!
You die...
Your body crumbles into a pile of gold.

Skill      XL: |  1  2  3  4  5  6  7  8  9 |
---------------+----------------------------+-----
Stealth        | 3 4 5 |  5.0
Poison Magic   | 4 5 7 8 9 |  9.0
Fighting       | 3 5 |  5.0
Dodging        | 3 5 |  5.0
Conjurations   | 2 4 |  4.8
Hexes          | 2 4 |  4.7
Spellcasting   | |  2.0
Transmutations | |  1.0

Action                   |  1- 3 |  4- 6 |  7- 9 || total
-------------------------+-------+-------+-------++-------
Melee: Unarmed           |     4 |       |    10 ||    14
       Tentacles         |    11 |    10 |    57 ||    78
       Mace              |    52 |       |       ||    52
       Constrict         |    18 |    10 |    47 ||    75
       Club              |     3 |       |       ||     3
       Punch             |     1 |       |     4 ||     5
       Dagger            |    11 |    42 |   185 ||   238
 Cast: Sting             |    13 |    11 |     9 ||    33
       Olgreb's Toxic Ra |       |    25 |    66 ||    91
  Use: Scroll            |       |       |    14 ||    14
       Potion            |       |       |     6 ||     6
 Stab: Sleeping          |     6 |     6 |     8 ||    20
Armor: Skin              |    12 |    11 |    56 ||    79
Dodge: Dodged            |    61 |    19 |   121 ||   201

Levels and vault maps discovered:
D:1:      dpeg_arrival_concentric_ovals, layout_loops_cross,
          hellmonk_ecumenical_altar_heavens_door
D:2:      layout_basic, minmay_cut_off
D:3:      layout_rooms, kiku_gazebo_garden_becter, kennysheep_minor_cross,
          minmay_gold_behind_fungi, minmay_quantized
D:4:      layout_cave_pools, uniq_duvessa
D:5:      layout_gridville, nicolae_uskayaw_dance_hall, serial_bayou_pond_b
D:6:      layout_loops_ring, lemuel_coloured_pillars_altar
D:7:      layout_basic, kennysheep_mini_moat, temple_doors_ab,
          lightli_ossuary_entry_decrepit_ruins, serial_shops,
          nicolae_shop_behind_doors, kennysheep_generic_room_5, uniq_joseph,
          uniq_menkaure
Temple:   eino_narrow_crystal_temple

Notes
Turn   | Place    | Note
-------+----------+-------------------------------------------
     0 | D:1      | zeratav the Octopode Venom Mage began the quest for the
                  | Orb.
     0 | D:1      | Reached XP level 1. HP: 11/11 MP: 3/3
     0 | D:1      | magus.rc [v1.9.6]
   294 | D:1      | Reached skill level 3 in Stealth
   294 | D:1      | Reached skill level 4 in Poison Magic
   294 | D:1      | Reached XP level 2. HP: 7/17 MP: 0/5
   684 | D:1      | You pick up a book of Blasting and begin reading...
   684 | D:1      | You add the spells Fulminant Prism, Iskenderun's Mystic
                  | Blast and Lee's Rapid Deconstruction to your library.
   915 | D:1      | Reached XP level 3. HP: 8/21 MP: 6/6
  1157 | D:1      | Reached skill level 4 in Stealth
  1369 | D:1      | Found a faded altar of an unknown god.
  1481 | D:1      | HP: 3/21 [goblin/+0 dagger (3)]
  2072 | D:2      | You pick up a book of Callings and begin reading...
  2072 | D:2      | You add the spells Summon Small Mammal, Call Canine
                  | Familiar and Summon Guardian Golem to your library.
  2179 | D:2      | Reached XP level 4. HP: 27/27 MP: 7/7
  2182 | D:2      | Reached skill level 5 in Poison Magic
  2200 | D:2      | Reached skill level 5 in Stealth
  2444 | D:2      | Learned a level 4 spell: Olgreb's Toxic Radiance
  2633 | D:3      | You pick up a book of Flames and begin reading...
  2633 | D:3      | You add the spells Foxfire, Conjure Flame, Inner Flame and
                  | Flame Wave to your library.
  2667 | D:3      | Reached XP level 5. HP: 27/31 MP: 3/8
  2776 | D:3      | Identified the amulet "Faipsu" {RegenMP -Tele Harm Dex+7}
  3014 | D:3      | Reached skill level 6 in Poison Magic
  3228 | D:3      | Found an ancient bone altar of Kikubaaqudgha.
  3359 | D:3      | Noticed a black bear
  3394 | D:3      | Killed a black bear
  3395 | D:3      | Reached skill level 7 in Poison Magic
  3395 | D:3      | Reached XP level 6. HP: 36/36 MP: 2/9
  3572 | D:4      | You pick up a book of Transfigurations {@e2} and begin
                  | reading...
  3572 | D:4      | You add the spells Irradiate, Blade Hands and Dragon Form
                  | to your library.
  3856 | D:4      | Noticed Duvessa
  3856 | D:4      | Noticed Dowan
  3869 | D:4      | Killed Dowan
  3870 | D:4      | Reached skill level 8 in Poison Magic
  3875 | D:4      | Killed Duvessa
  3876 | D:4      | Reached XP level 7. HP: 41/41 MP: 2/10
  4064 | D:5      | Entered Level 5 of the Dungeon
  4109 | D:5      | Identified a scroll of acquirement
  4110 | D:5      | Acquired the ring "Ejuese Wust" {rPois rC- rN+ Will+ Str+4}
  4175 | D:5      | Reached skill level 9 in Poison Magic
  4392 | D:5      | Reached skill level 1 in Fighting
  4745 | D:5      | Reached skill level 2 in Fighting
  4745 | D:5      | Reached skill level 3 in Dodging
  4941 | D:5      | Reached skill level 3 in Fighting
  4941 | D:5      | Reached XP level 8. HP: 52/52 MP: 6/11
  4965 | D:5      | Reached skill level 4 in Dodging
  5104 | D:5      | Found a hide-covered altar of Uskayaw.
  5512 | D:6      | Reached skill level 4 in Fighting
  5617 | D:6      | Reached skill level 5 in Dodging
  5731 | D:6      | Reached skill level 5 in Fighting
  5805 | D:6      | Reached skill level 1 in Conjurations
  5805 | D:6      | Reached skill level 1 in Hexes
  5879 | D:6      | Found a blossoming altar of Fedhas.
  5883 | D:6      | Reached skill level 2 in Conjurations
  5883 | D:6      | Reached skill level 2 in Hexes
  6207 | D:6      | You pick up a book of Death and begin reading...
  6207 | D:6      | You add the spells Animate Dead, Haunt and Infestation to
                  | your library.
  6439 | D:6      | Reached XP level 9. HP: 46/61 MP: 12/12
  6567 | D:6      | Reached skill level 3 in Conjurations
  6567 | D:6      | Reached skill level 3 in Hexes
  6763 | D:7      | You pick up a book of Alchemy and begin reading...
  6763 | D:7      | You add the spells Sublimation of Blood and Petrify to your
                  | library.
  7096 | D:7      | Found a sand-covered staircase.
  7102 | Ossuary  | Entered an ossuary
  7277 | Ossuary  | Reached skill level 4 in Conjurations
  7317 | Ossuary  | Reached skill level 4 in Hexes
  7820 | D:7      | Found a sparkling altar of Nemelex Xobeh.
  8009 | D:7      | Found a staircase to the Ecumenical Temple.
  8014 | Temple   | Entered the Ecumenical Temple
  8020 | Temple   | Became a worshipper of Gozag Ym Sagoz the Greedy
  8092 | D:7      | Mangled by a shadow

Vanquished Creatures
  A steam dragon (D:7)
  Duvessa (D:4)
  A black bear (D:3)
  2 ogres
  A centaur (D:6)
  3 bullfrogs
  3 necrophages
  A gnoll sergeant (D:7)
  4 scorpions
  Dowan (D:4)
  4 howler monkeys
  2 jellies
  2 human zombies (Ossuary)
  4 hounds (D:5)
  A gnoll bouda (D:7)
  4 iguanas
  3 orc wizards
  4 hound zombies (Ossuary)
  3 mummies (Ossuary)
  11 gnolls
  9 adders
  2 ufetubi
  2 adder zombies (Ossuary)
  A dart slug (D:5)
  15 orcs
  6 ball pythons
  3 bats
  6 endoplasms
  4 giant cockroaches
  3 gnoll zombies (Ossuary)
  9 goblins
  5 hobgoblins
  5 quokkas
  2 frilled lizards
  3 goblin zombies (Ossuary)
  5 hobgoblin zombies (Ossuary)
  4 jackal zombies (Ossuary)
  10 kobolds
  2 kobold zombies (Ossuary)
  2 orc zombies (Ossuary)
  3 quokka zombies (Ossuary)
  10 rats
  6 rat zombies (Ossuary)
173 creatures vanquished.

Vanquished Creatures (collateral kills)
  A phantom (D:5)
  An adder (D:5)
2 creatures vanquished.

Vanquished Creatures (others)
  2 fungi (D:3)
  6 toadstools (D:3)
  6 withered plants (D:3)
14 creatures vanquished.

Grand Total: 189 creatures vanquished

Table legend:
 A = Non-vault XP
 B = Vault XP
 C = Vault XP percentage of total XP
 D = Non-vault monster count
 E = Vault monster count
 F = Vault count percentage of total count
                 A         B        C        D         E       F
            +---------+---------+-------+---------+---------+-------
      Total |    2773 |     635 |  18.6 |     125 |      50 |  28.6
            +---------+---------+-------+---------+---------+-------
        D:1 |      57 |       0 |   0.0 |      28 |       0 |   0.0
        D:2 |      56 |      15 |  21.1 |      15 |       2 |  11.8
        D:3 |     186 |      29 |  13.5 |      16 |       3 |  15.8
        D:4 |     114 |     214 |  65.2 |      12 |       2 |  14.3
        D:5 |     733 |     110 |  13.0 |      16 |       4 |  20.0
        D:6 |     916 |       0 |   0.0 |      15 |       0 |   0.0
        D:7 |     711 |       0 |   0.0 |      23 |       0 |   0.0
    Ossuary |       0 |     267 | 100.0 |       0 |      39 | 100.0
            +---------+---------+-------+---------+---------+-------

Illustrated notes

Table legend:
 A = Kills in this place as a percentage of kills in entire the game.
 B = Kills by you in this place as a percentage of kills by you in the entire game.
 C = Kills by friends in this place as a percentage of kills by friends in the entire game.
 D = Other kills in this place as a percentage of other kills in the entire game.
 E = Experience gained in this place as a percentage of experience gained in the entire game.
 F = Experience gained in this place divided by the number of levels of this place that you have seen.
                   A       B       C       D       E      F
               +-------+-------+-------+-------+-------+----------------------
         Total | 100.0 | 100.0 | 100.0 |   N/A | 100.0 | 378.7
       Dungeon |  77.7 |  77.5 | 100.0 |   N/A |  92.2 | 448.7
       Ossuary |  22.3 |  22.5 |   0.0 |   N/A |   7.8 | 267.0
               +-------+-------+-------+-------+-------+----------------------

Table legend: (Time is in decaauts)
 A = Elapsed time spent in this place.
 B = Non-inter-level travel time spent in this place.
 C = Inter-level travel time spent in this place.
 D = Time resting spent in this place.
 E = Time spent auto-exploring this place.
 F = Levels seen in this place.
 G = Mean time per level.
                   A        B        C        D        E       F      G
               +--------+--------+--------+--------+--------+-----+--------+
         Total |   8109 |   7871 |    238 |   1152 |   5011 |   9 |  901.0 |
       Dungeon |   7681 |   7449 |    232 |   1112 |   4864 |   7 | 1097.3 |
        Temple |     12 |      6 |      6 |      0 |      0 |   1 |   12.0 |
       Ossuary |    415 |    415 |      0 |     40 |    147 |   1 |  415.0 |
               +--------+--------+--------+--------+--------+-----+--------+

Top non-repeatable levels by time:
     D:1: 1817 daAuts
     D:5: 1440 daAuts
     D:6: 1352 daAuts
     D:3: 842 daAuts
     D:7: 805 daAuts
     D:2: 795 daAuts
     D:4: 627 daAuts
 Ossuary: 415 daAuts
  Temple: 12 daAuts
